Cogmind - Beta 12 @@@ ROGUE MODE // 2023.09.07 @ 19:53:16 Player: art-hropod Result: Self-destructed Performance ------------- Evolutions (3) 1500 Regions Visited (4) 800 Robots Destroyed (26) 130 Value Destroyed (838) 838 Prototype IDs (1) 20 Alien Tech Used (0) 0 Bonus (0) 0 TOTAL SCORE: 3288 Bonus ------- None Cogmind --------- Core Integrity 554/700 Matter 14/300 Energy 100/100 System Corruption 0% Temperature Cool (0) Movement Core (300) Ox5 Location -7/Factory Parts ------- > --- POWER (1) -------- (None) > --- PROPULSION (5) --- (None) > --- UTILITY (5) ------ Improved Heat Sink Medium Storage Unit Improved Signal Interpreter Hacking Suite > --- WEAPON (2) ------- Assault Cannon > --- INVENTORY (10) --- Heavy Ion Engine Light Nuclear Core Cesium-ion Thruster Cesium-ion Thruster Cesium-ion Thruster Cesium-ion Thruster Xenon Bombardment Thruster Assault Cannon Grenade Launcher Peak State ------------ > --- POWER ------------ Heavy Ion Engine > --- PROPULSION ------- Aluminum Leg Carbon-fiber Leg Compact Wheel Compact Wheel Compact Wheel > --- UTILITY ---------- Improved Heat Sink Medium Storage Unit Improved Signal Interpreter Hacking Suite > --- WEAPON ----------- Assault Cannon Assault Cannon > --- INVENTORY -------- Heavy Ion Engine Light Nuclear Core Assault Cannon Grenade Launcher [Rating: 27] Favorites ----------- Power Light Nuclear Core Engine Heavy Ion Engine Power Core Light Nuclear Core Propulsion Aluminum Leg Leg Aluminum Leg Wheel Compact Wheel Utility Improved Heat Sink Device Improved Heat Sink Storage Medium Storage Unit Processor Improved Signal Interpreter Hackware Hacking Suite Weapon Assault Cannon Energy Gun Particle Gun Energy Cannon Beam Cannon Ballistic Gun Light Assault Rifle Ballistic Cannon Assault Cannon Build | -11 -10 -9 -8 -7 ------- Run | Jun Mat Mat Mat Fac Slots Evolved 6 | . . 2 2 2 Power . | . . . . . Propulsion 3 | . . 2 . 1 Utility 3 | . . . 2 1 Weapon . | . . . . . Parts Attached 47 | 6 17 14 9 1 Power 5 | 1 1 3 . . Engine 3 | 1 . 2 . . Core 2 | . 1 1 . . Reactor . | . . . . . Propulsion 17 | 2 7 3 4 1 Treads . | . . . . . Leg 13 | 2 6 3 1 1 Wheel 4 | . 1 . 3 . Hover . | . . . . . Flight . | . . . . . Utility 11 | 1 4 2 4 . Device 6 | . 3 1 2 . Storage 2 | 1 1 . . . Processor 2 | . . 1 1 . Hackware 1 | . . . 1 . Protection . | . . . . . Artifact . | . . . . . Weapon 14 | 2 5 6 1 . Energy Gun 7 | 1 3 3 . . Energy Cannon 2 | . 1 1 . . Ballistic Gun 2 | 1 1 . . . Ballistic Cannon 3 | . . 2 1 . Launcher . | . . . . . Special Weapon . | . . . . . Impact Weapon . | . . . . . Slashing Weapon . | . . . . . Piercing Weapon . | . . . . . Special Melee Weapon . | . . . . . Unidentified Prototypes 1 | . . 1 . . Parts Lost 13 | . 3 3 5 2 Power 3 | . 1 1 . 1 Propulsion 7 | . 2 2 3 . Utility 1 | . . . 1 . Weapon 2 | . . . 1 1 Highest Loss Streak 3 | . 2 2 3 1 To Critical Strikes . | . . . . . Average Slot Usage (%) 84 | . 97 91 71 62 Engine 5 | . 4 4 9 6 Core 5 | . 10 6 . . Leg 22 | . 28 39 8 3 Wheel 2 | . . . 4 6 Device 11 | . 12 10 13 7 Storage 11 | . 14 11 9 7 Processor 3 | . . . 9 7 Hackware 1 | . . . . 7 Energy Gun 9 | . 20 6 . . Energy Cannon 2 | . 1 6 . . Ballistic Gun 1 | . 4 . . . Ballistic Cannon 7 | . . 6 17 13 Naked Turns . | . . . . . Heaviest Build 30 | 11 20 29 30 29 Greatest Support 48 | 20 20 40 48 48 Greatest Overweight (x) 9 | 1 . . 9 9 Average Overweight (x) . | . . . 1 2 Largest Inventory Capacity 10 | 8 10 10 10 10 Average Capacity 9 | 7 8 10 10 10 Most Carried 10 | 7 10 10 9 10 Average Carried 6 | 3 7 7 5 7 Final Capacity 10 | 8 10 10 10 10 Final Carried 10 | 6 10 10 4 9 Class Distribution -------------------- 53% | Scavenger-Mutant 46% | Mutant Dominant Class ---------------- Scavenger-Mutant | -10/Materials Scavenger-Mutant | -9/Materials Mutant | -8/Materials Mutant | -7/Factory Resources | -11 -10 -9 -8 -7 ----------- Run | Jun Mat Mat Mat Fac Matter Collected 683 | 226 198 114 143 2 Remotely . | . . . . . Salvage Created 934 | . 448 284 202 . Parts 46 | . 30 10 6 . Haulers Intercepted 2 | . . 2 . . Recyclers Shooed 1 | . . . 1 . Parts Field Recycled . | . . . . . Retrieved Matter . | . . . . . Parts Self-Destructed . | . . . . . Prevented . | . . . . . Kills | -11 -10 -9 -8 -7 ------- Run | Jun Mat Mat Mat Fac Combat Hostiles Destroyed 18 | . 9 4 5 . Guns 11 | . 9 2 . . Cannons 5 | . . . 5 . AOE 1 | . . 1 . . Classes Destroyed 7 | . 4 2 1 . Builder 1 | . 1 . . . Hauler 2 | . . 2 . . Recycler 2 | . . . 2 . Operator 2 | . 2 . . . Watcher 1 | . 1 . . . Grunt 15 | . 9 2 4 . Sentry 3 | . . 2 1 . Best Kill Streak 3 | . 3 3 3 . Combat Bots Only 3 | . 2 3 3 . Max Kills in Single Turn 1 | . 1 1 1 . Gunslinging . | . . . . . Exploded 1 | . . 1 . . Melee . | . . . . . Uniques/NPCs Destroyed . | . . . . . Combat | -11 -10 -9 -8 -7 -------- Run | Jun Mat Mat Mat Fac Damage Taken 2161 | . 480 555 797 329 Core 511 | . 70 77 218 146 Absorbed by Shields . | . . . . . Core Remaining (%) 78 | 100 72 80 60 . Volleys Fired 107 | . 48 30 27 2 Largest 2 | . 2 2 2 2 Hottest 130 | . 130 116 88 88 Shots Fired 207 | . 96 54 53 4 Gun 123 | . 96 27 . . Cannon 84 | . . 27 53 4 Launcher . | . . . . . Special . | . . . . . Kinetic 78 | . 9 12 53 4 Thermal 105 | . 72 33 . . Explosive . | . . . . . Electromagnetic 24 | . 15 9 . . Robot Hit Streak 11 | . 11 9 6 1 Robot Miss Streak 5 | . 5 4 3 3 Penetration Max . | . . . . . Secondary Targets . | . . . . . Shots Hit Robots 120 | . 58 33 28 1 Core Hits 45 | . 24 10 11 . Critical Kills . | . . . . . Critical Parts Destroyed . | . . . . . Critical Strikes 1 | . . 1 . . Burn 1 | . . 1 . . Melee Attacks . | . . . . . Impact . | . . . . . Slashing . | . . . . . Piercing . | . . . . . Sneak Attacks . | . . . . . Combat Hostiles . | . . . . . Follow-up Attacks . | . . . . . Damage Inflicted 2146 | . 819 592 714 21 Guns 1156 | . 819 337 . . Cannons 967 | . . 232 714 21 Explosions 23 | . . 23 . . Melee . | . . . . . Ramming . | . . . . . Kinetic 884 | . 57 92 714 21 Thermal 983 | . 623 360 . . Explosive . | . . . . . Electromagnetic 279 | . 139 140 . . Impact . | . . . . . Slashing . | . . . . . Piercing . | . . . . . Highest Corruption . | . . . . . Average Corruption . | . . . . . Corruption Purged . | . . . . . Corruption Blocked . | . . . . . Overload Shots . | . . . . . Overflow Damage 8 | . . 1 7 . Projectiles 7 | . . . 7 . Explosions 1 | . . 1 . . Melee . | . . . . . Knockbacks 11 | . . 2 8 1 Impact . | . . . . . Kinetic 11 | . . 2 8 1 Secondary . | . . . . . Self-Inflicted Damage 24 | . . 24 . . Shots 1 | . . 1 . . Rammed . | . . . . . Targets Rammed . | . . . . . Kicked . | . . . . . Crushed . | . . . . . Highest Temperature 204 | . 204 36 8 . Average Temperature 47 | . 53 18 8 . Received Heat Transfer 1188 | . 267 264 405 252 Siege Activations . | . . . . . Robots Corrupted . | . . . . . Combat Hostiles . | . . . . . Parts Fried . | . . . . . Impact Corruptions . | . . . . . Robots Melted 1 | . . 1 . . Combat Hostiles 1 | . . 1 . . Parts Melted 2 | . 1 1 . . Heat Transferred 2382 | . 1481 901 . . Parts Sabotaged . | . . . . . Parts Stolen . | . . . . . Parts Stripped . | . . . . . Power Chain Reactions 1 | . . 1 . . Missiles Intercepted . | . . . . . Alert | -11 -10 -9 -8 -7 ------- Run | Jun Mat Mat Mat Fac Peak Influence 277 | . 247 277 235 136 Initial 117 | . . 37 117 106 Average 141 | . 127 171 185 129 Maximum Alert Level 1 | . 1 1 1 . Low Security (%) 74 | 100 74 57 61 100 Level 1 25 | . 25 42 38 . Level 2 . | . . . . . Level 3 . | . . . . . Level 4 . | . . . . . Level 5 . | . . . . . High Security . | . . . . . Max Security . | . . . . . Squads Dispatched 7 | . 2 . 4 1 Investigation 2 | . . . 1 1 Extermination . | . . . . . Reinforcement 2 | . 2 . . . Assault . | . . . . . Garrison 3 | . . . 3 . Intercept . | . . . . . Searches Triggered . | . . . . . Construction Impeded . | . . . . . Haulers Reinforced . | . . . . . Active Scanning Responses . | . . . . . Cargo Convoy Interrupts . | . . . . . Stealth | -11 -10 -9 -8 -7 --------- Run | Jun Mat Mat Mat Fac Distress Signals 1 | . 1 . . . Communications Jammed . | . . . . . Distress Signals . | . . . . . Times Spotted 47 | . 24 9 10 4 Peak Tracking Total 5 | . 4 4 5 2 Tactical Retreats 2 | . 1 1 . . Traps | -11 -10 -9 -8 -7 ------- Run | Jun Mat Mat Mat Fac Traps Triggered 1 | . . . 1 . Indirectly . | . . . . . Trap Hack Attempts . | . . . . . Triggered . | . . . . . Disarmed . | . . . . . Reprogrammed . | . . . . . Reused . | . . . . . Traps Extracted . | . . . . . Installed . | . . . . . Triggered . | . . . . . Machines | -11 -10 -9 -8 -7 ---------- Run | Jun Mat Mat Mat Fac Machines Disabled 2 | . . 2 . . Max in Single Turn 1 | . . 1 . . Machines Repaired . | . . . . . Machines Sabotaged . | . . . . . Overloaded Fab Kills . | . . . . . Hacking | -11 -10 -9 -8 -7 --------- Run | Jun Mat Mat Mat Fac Machines Accessed 6 | . 2 . 3 1 Terminals 3 | . 1 . 2 . Fabricators . | . . . . . Repair Stations 1 | . 1 . . . Recycling Units 1 | . . . . 1 Scanalyzers 1 | . . . 1 . Garrison Access . | . . . . . Total Hacks 20 | . 8 . 8 4 Successful 6 | . 2 . 2 2 Failed 14 | . 6 . 6 2 Catastrophic . | . . . . . Database Lockouts . | . . . . . Manual 9 | . 4 . 5 . Terminals 9 | . 4 . 5 . Fabricators . | . . . . . Repair Stations 4 | . 4 . . . Recycling Units 4 | . . . . 4 Scanalyzers 3 | . . . 3 . Garrison Access . | . . . . . Terminal Hacks . | . . . . . Fabricator Hacks . | . . . . . Repair Station Hacks 1 | . 1 . . . Scan Component 1 | . 1 . . . Recycling Unit Hacks 2 | . . . . 2 Recycle Component 1 | . . . . 1 Report Inventory 1 | . . . . 1 Scanalyzer 2 | . . . 2 . Insert Component 1 | . . . 1 . Analyze 1 | . . . 1 . Garrison Access Hacks . | . . . . . Unauthorized Hacks 1 | . 1 . . . Terminals 1 | . 1 . . . Operators 1 | . 1 . . . Fabricators . | . . . . . Repair Stations . | . . . . . Recycling Units . | . . . . . Scanalyzers . | . . . . . Garrison Access . | . . . . . Data Cores Recovered . | . . . . . Used . | . . . . . Hacking Detections 6 | . 2 . 3 1 Full Trace Events 1 | . . . . 1 Feedback Events . | . . . . . Feedback Blocked . | . . . . . Robot Schematics Acquired . | . . . . . Robots Built . | . . . . . Authchips . | . . . . . Time . | . . . . . Total Robot Build Rating . | . . . . . Part Schematics Acquired 1 | . . . 1 . Parts Built . | . . . . . Authchips . | . . . . . Time . | . . . . . Total Part Build Rating . | . . . . . Parts Repaired . | . . . . . Time . | . . . . . Parts Recycled 1 | . . . . 1 Recycled Matter . | . . . . . Retrieved Matter . | . . . . . Retrieved Components . | . . . . . Parts Scanalyzed 1 | . . . 1 . Part Schematics Acquired 1 | . . . 1 . Parts Damaged . | . . . . . Bothacking | -11 -10 -9 -8 -7 ------------ Run | Jun Mat Mat Mat Fac Used RIF Installer . | . . . . . Robots Hacked . | . . . . . Non-combat . | . . . . . Combat . | . . . . . Robot Hacks Applied . | . . . . . Relay Couplers Released . | . . . . . Fabnet Peak Effective % . | . . . . . Robots Rewired . | . . . . . Allies Hacked . | . . . . . Hacks Repelled . | . . . . . Allies | -11 -10 -9 -8 -7 -------- Run | Jun Mat Mat Mat Fac Total Allies . | . . . . . Largest Group . | . . . . . Highest-Rated Group . | . . . . . Highest-Rated Ally . | . . . . . Total Orders . | . . . . . Ally Attacks . | . . . . . Total Damage . | . . . . . Kills . | . . . . . Allies Corrupted . | . . . . . Allies Melted . | . . . . . Intel | -11 -10 -9 -8 -7 ------- Run | Jun Mat Mat Mat Fac Robot Analysis Total . | . . . . . Derelict Logs Recovered . | . . . . . Drone Launches . | . . . . . Drone Recoveries . | . . . . . Exploration | -11 -10 -9 -8 -7 ------------- Run | Jun Mat Mat Mat Fac Turns Passed 1691 | 88 629 373 301 300 Spaces Moved 861 | 61 351 212 112 125 Core 69 | 7 . . 19 43 Treads . | . . . . . Legs 663 | 54 351 212 46 . Wheels 129 | . . . 47 82 Hover . | . . . . . Flight . | . . . . . Fastest Speed 50 | 50 120 120 100 100 Average Speed 143 | 116 120 120 183 225 Slowest Speed 500 | 120 120 120 500 500 Overloaded Moves . | . . . . . Propulsion Burnouts . | . . . . . Robots Hopped . | . . . . . Cave-ins Triggered . | . . . . . Exploration Rate (%) 19 | 5 50 23 15 4 Regions Visited 4 Branch Regions . Pre-discovered Areas . | . . . . . Known Exits Taken 2 | . . 1 1 . Unknown Exits Taken 2 | 1 1 . . . Scrap Searched . | . . . . . Spaces Dug . | . . . . . Terrain Destroyed 21 | . . 9 12 . Melee . | . . . . . Projectile 17 | . . 5 12 . AOE 4 | . . 4 . . Terrain Rammed . | . . . . . Walls Destroyed . | . . . . . Machines Disabled . | . . . . . Actions | -11 -10 -9 -8 -7 --------- Run | Jun Mat Mat Mat Fac Total 1120 | 78 468 278 154 142 Wait 25 | . 23 2 . . Move 857 | 60 350 211 111 125 Hop . | . . . . . Pick Up 52 | 12 14 13 5 8 Fast Attach 4 | . 4 . . . Attach 29 | 6 4 10 8 1 Detach . | . . . . . Swap 14 | . 9 4 1 . Drop 32 | . 16 8 2 6 Fire 107 | . 48 30 27 2 Melee . | . . . . . Ram . | . . . . . Kick . | . . . . . Crush . | . . . . . Escape Stasis . | . . . . . Rewire . | . . . . . Trap . | . . . . . Miscellaneous . | . . . . . Route ------- -11/Junkyard -10/Materials -9/Materials -8/Materials -7/Factory History --------- Turn | Location | Event 9 | -11/Junkyard | Discovered new exit (range 16) 89 | -11/Junkyard | Entered Materials 477 | -10/Materials | Build established: Scavenger-Mutant 648 | -10/Materials | Discovered new exit (range 6) 718 | -10/Materials | Entered another Materials area 718 | -9/Materials | Evolved 2 slots: Propulsion x2 1082 | -9/Materials | Discovered new exit (range 5) 1089 | -9/Materials | Identified exit to Materials 1091 | -9/Materials | Entered another Materials area 1091 | -8/Materials | Evolved 2 slots: Utility x2 1148 | -8/Materials | Garrison activated, responded to threat 1197 | -8/Materials | Lost 3 parts (3n) 1381 | -8/Materials | Discovered new exit (range 10) 1389 | -8/Materials | Identified exit to Factory 1392 | -8/Materials | Entered Factory 1392 | -7/Factory | Evolved 2 slots: Propulsion x1, Utility x1 1692 | -7/Factory | Self-destructed Last Messages --------------- 01652_ Critical hit (Burn: +37). 01658_ K-01 Serf cleans the Matter Pump. 01668_ Critical hit (Burn: +37). 01669_ K-01 Serf cleans the Matter Pump. 01674_ K-01 Serf collects debris. 01675_ Critical hit (Burn: +37). 01677_ K-01 Serf collects debris. 01679_ Hvy. Ion Engine destroyed. 01680_ K-01 Serf collects debris. 01692_ Connecting with Recycling Unit... >>Recycle(Com. Wheel) Accepting Com. Wheel... >>Recycling(Report) Matter reserves: 0 Inventory: Lrn. Missile Launcher (31%) Prototype Energy Cannon (62%) Com. Wheel (100%) 01692_ ALERT: Suspicious activity at Recycling Unit F001. Dispatching Investigation squad. Map ----- +----------------------------------------------------+ | ????????????????????#! #????? | | ????????????????????#! """ """ #????? | | ????????????????????# """ """ #????? | | ????????????????????# """ """ #????? | | ????????????????????# #????? | | ????????????????????# """ """ #????? | | ????????????????????# = """ """ #????? | | ????????????????????# = """ """ #????? | | ????????????????????# = #????? | | ??????????# ?????#= [#????? | | ??????????# ###########+########### | | ??????????# | | ??????????# | | ??????????# """ """ | | ??????????+ """ """ | | ??????????# """ """ | | ??????????# ################ | | ??????????# """ """ #??????????????? | | ??????????# """ """ #??????????????? | | ########### """ """ #??????????????? | | # # #???##########?? | | # """ """ # """ """ #?? #?? | | # """ """ # """ """ #?? #?? | | # """ """ # """ """ #? #?? | | # # gg #? #?? | | # """ """ # "@" """ # #?? | | # """ """ # "Y" """ # #?? | | # """ """ + r""" """ + #?? | | # # # #?? | | # """ """ # # #?? | | # """ """ #####+## #? #?? | | # """ """ # # #? #?? | | # #" ! # #?? #?? | | # #" # #??###########?? | | # #" # ##?????????????? | | # ! #T + T#?????????????? | | ###########" # #?????????????? | | ??????????#" # ##?????????????? | | ??????????#" # ###????????????? | | ??????????# # #????????????? | | ??????????# """# #????????????? | | ??????????# """# #????????????? | | ??????????# """# #????????????? | | ??????????# # #????????????? | | ??????????####???#########????????????? | | ??????????????????????????????????????? | | ??????????????????????????????????????? | | ??????????????????????????????????????? | | ??????????????????????????????????????? | | ??????????????????????????????????????? | +----------------------------------------------------+ Best States ------------- Heat Dissipation 50 Energy Generation 14 Energy Capacity 280 Matter Stores 300 Matter Capacity 300 Sight Range 16 Robot Scan Range 14 Terrain Scan Density 10 Evasion (%) 55 Offensive Hacking 10 Item Schematics ----------------- Hacking Suite | -8/Materials | Scanalyzed Robot Schematics ------------------ None Fabricated ------------ Nothing Alien Tech Used ----------------- None Achievements -------------- None Challenges ------------ None Game ------ Seed AlphaDamperKatana Manual? 0 Play Time 00:24:13 Cumulative 57.4 hours Start 2023.09.07 @ 19:13:45 End 2023.09.07 @ 19:53:16 Sessions 3 Manual Loads 0 Difficulty Rogue Special Mode None Game No. 74 Rogue 58 Adventurer 9 Explorer 7 Win Type - Total 4 Types 4/0/0/0/0/0/0/0/0 Lore% 16 Gallery% 40 Achievement% 30 Wizard Run 0 Options --------- ASCII 0 Keyboard 0 Movement Mouse Keybinds 0 Fullscreen 1 Font 32/Terminus Map View 63x52 Tactical HUD 1 Map Filters NONE Filters NONE Steam 1 RUN: cb6c7769-e5d1-4060-8a30-79e10089b97a